NYP
ROME BRAVES @ WILLIAMSPORT CROSSCUTTERS
04/20/2044
 
TOP OF THE 1ST
Rome Braves batting - Pitching for Williamsport Crosscutters : RHP Georgs Felitti
Pitching: RHP Georgs Felitti
Batting: LHB J.P. Olson 0-0: SINGLE (Line Drive, 4MD, EV 94.4 MPH)
Batting: RHB Brandon Burrell 0-0: Ball
1-0: Ball
2-0: Foul Ball, location: 2F
2-1: Foul Ball, location: 2F
2-2: Strikes out swinging
Batting: RHB Ike Trout 0-0: Ball
J.P. Olson is caught stealing 2nd base 2-4
1-0: Ball
2-0: Called Strike
2-1: Ball
3-1: Called Strike
3-2: Foul Ball, location: 2F
3-2: Strikes out swinging
Top of the 1st over - 0 runs, 1 hit, 0 errors, 0 left on base; Rome 0 - Williamsport 0
BOTTOM OF THE 1ST
Williamsport Crosscutters batting - Pitching for Rome Braves : RHP Brendan Graham
Pitching: RHP Brendan Graham
Batting: RHB Prabhukumar Santhanakrishnan 0-0: Called Strike
0-1: Fly out, F8 (Flyball, 8LS, EV 73.8 MPH)
Batting: RHB Alan Weller 0-0: Called Strike
0-1: Called Strike
0-2: Ball
1-2: Ground out 6-3 (Groundball, 6, EV 101.9 MPH)
Batting: LHB Tsuneharu Nishimura 0-0: Foul Ball, location: 2F
0-1: SOLO HOME RUN (Flyball, 78XD, EV 114.4 MPH), Distance : 413 ft
Batting: RHB Matt McDevitt 0-0: Foul Ball, location: 2F
0-1: Swinging Strike
0-2: Ball
1-2: Foul Ball, location: 2F
1-2: Ball
2-2: Strikes out swinging
Bottom of the 1st over - 1 run, 1 hit, 0 errors, 0 left on base; Rome 0 - Williamsport 1
TOP OF THE 2ND
Rome Braves batting - Pitching for Williamsport Crosscutters : RHP Georgs Felitti
Batting: LHB Mike Tenorio 0-0: Ball
1-0: Foul Ball, location: 2F
1-1: Ball
2-1: Ball
3-1: Swinging Strike
3-2: Fly out, F8 (Flyball, 78D, EV 97.5 MPH)
Batting: LHB Javier Rubio 0-0: Foul Ball, location: 2F
0-1: Hit by Pitch
Batting: RHB Alex Velasquez 0-0: Called Strike
Javier Rubio steals 2nd base
0-1: Swinging Strike
0-2: Ball
1-2: Foul Ball, location: 2F
1-2: Foul Ball, location: 2F
1-2: Fly out, F9 (Line Drive, 9, EV 104.4 MPH)
Batting: LHB Joe Phillips 0-0: Called Strike
0-1: Ball
1-1: DOUBLE (Groundball, 5L, EV 105.6 MPH)
Javier Rubio scores
Batting: RHB Peter Wheeler 0-0: Swinging Strike
0-1: Ball
1-1: Ball
2-1: DOUBLE (Line Drive, 9LM, EV 95.0 MPH)
Joe Phillips scores
Batting: SHB Tim Rodgers 0-0: Ball
1-0: Ball
2-0: Ball
3-0: Called Strike
3-1: Foul Ball, location: 2F
3-2: DOUBLE (Groundball, 3L, EV 98.8 MPH)
Peter Wheeler scores
Batting: LHB J.P. Olson 0-0: Foul Ball, location: 2F
0-1: SINGLE (Line Drive, 9S, EV 101.2 MPH)
Tim Rodgers to third
Batting: RHB Brandon Burrell 0-0: Ball
1-0: Ball
2-0: Called Strike
2-1: Foul Ball, location: 2F
2-2: Ball
3-2: Strikes out looking
Top of the 2nd over - 3 runs, 4 hits, 0 errors, 2 left on base; Rome 3 - Williamsport 1
BOTTOM OF THE 2ND
Williamsport Crosscutters batting - Pitching for Rome Braves : RHP Brendan Graham
Batting: RHB Moritake Fukumoto 0-0: Ball
1-0: Fly out, F6 (Flyball, 6D, EV 93.1 MPH)
Batting: RHB Allen Gravel 0-0: Ball
1-0: Ball
2-0: Swinging Strike
2-1: Swinging Strike
2-2: Strikes out swinging
Batting: RHB Ken Gadberry 0-0: Ball
1-0: Foul Ball, location: 2F
1-1: Foul Ball, location: 2F
1-2: Ball
2-2: Ball
3-2: Strikes out looking
Bottom of the 2nd over - 0 runs, 0 hits, 0 errors, 0 left on base; Rome 3 - Williamsport 1
TOP OF THE 3RD
Rome Braves batting - Pitching for Williamsport Crosscutters : RHP Georgs Felitti
Batting: RHB Ike Trout 0-0: Ball
1-0: Hit by Pitch
Batting: LHB Mike Tenorio 0-0: Called Strike
0-1: Ball
1-1: Swinging Strike
1-2: Ball
2-2: Strikes out swinging
Batting: LHB Javier Rubio 0-0: Ball
Ike Trout steals 2nd base
1-0: Ball
2-0: Ball
3-0: Foul Ball, location: 2F
3-1: Foul Ball, location: 2F
3-2: Foul Ball, location: 2F
3-2: Foul Ball, location: 2F
3-2: Strikes out looking
Batting: RHB Alex Velasquez 0-0: Ground out 5-3 (Groundball, 56S, EV 88.8 MPH)
Top of the 3rd over - 0 runs, 0 hits, 0 errors, 1 left on base; Rome 3 - Williamsport 1
BOTTOM OF THE 3RD
Williamsport Crosscutters batting - Pitching for Rome Braves : RHP Brendan Graham
Batting: SHB Jeff Echt 0-0: Called Strike
0-1: Ball
1-1: Ball
2-1: Called Strike
2-2: Strikes out swinging
Batting: RHB Jimmy Misener 0-0: Called Strike
0-1: Foul Ball, location: 2F
0-2: Ball
1-2: Foul Ball, location: 2F
1-2: Ball
2-2: Ball
3-2: Base on Balls
Batting: RHB Prabhukumar Santhanakrishnan 0-0: Swinging Strike
0-1: Fielders Choice at 2nd, 1-6 (Groundball, 13, EV 72.5 MPH)
Batting: RHB Alan Weller 0-0: Called Strike
0-1: Foul Ball, location: 2F
0-2: Foul Ball, location: 2F
0-2: Strikes out looking
Bottom of the 3rd over - 0 runs, 0 hits, 0 errors, 1 left on base; Rome 3 - Williamsport 1
TOP OF THE 4TH
Rome Braves batting - Pitching for Williamsport Crosscutters : RHP Georgs Felitti
Batting: LHB Joe Phillips 0-0: Ground out 6-3 (Groundball, 6, EV 101.2 MPH)
Batting: RHB Peter Wheeler 0-0: Called Strike
0-1: Ball
1-1: Ball
2-1: Foul Ball, location: 2F
2-2: Ball
3-2: Base on Balls
Batting: SHB Tim Rodgers 0-0: Ball
1-0: Fielders Choice at 2nd, 3-6 (Groundball, 34, EV 89.4 MPH)
Batting: LHB J.P. Olson 0-0: Ball
1-0: Ball
Tim Rodgers steals 2nd base
2-0: Called Strike
2-1: Called Strike
2-2: 2-RUN HOME RUN (Flyball, 9LD, EV 92.5 MPH), Distance : 343 ft
Pitching: RHP Ricardo Dominguez
Batting: RHB Brandon Burrell 0-0: Called Strike
0-1: Ball
1-1: Ball
2-1: Ground out 6-3 (Groundball, 6, EV 87.5 MPH)
Top of the 4th over - 2 runs, 1 hit, 0 errors, 0 left on base; Rome 5 - Williamsport 1
BOTTOM OF THE 4TH
Williamsport Crosscutters batting - Pitching for Rome Braves : RHP Brendan Graham
Batting: LHB Tsuneharu Nishimura 0-0: Foul Ball, location: 2F
0-1: Ball
1-1: Called Strike
1-2: Strikes out looking
Batting: RHB Matt McDevitt 0-0: Foul Ball, location: 2F
0-1: Ball
1-1: Called Strike
1-2: Ball
2-2: Strikes out looking
Batting: RHB Moritake Fukumoto 0-0: Ball
1-0: Called Strike
1-1: Fly out, F6 (Popup, 15, EV 77.5 MPH)
Bottom of the 4th over - 0 runs, 0 hits, 0 errors, 0 left on base; Rome 5 - Williamsport 1
TOP OF THE 5TH
Rome Braves batting - Pitching for Williamsport Crosscutters : RHP Ricardo Dominguez
Batting: RHB Ike Trout 0-0: Called Strike
0-1: SINGLE (Groundball, 56D, EV 96.9 MPH)
Batting: LHB Mike Tenorio 0-0: Called Strike
0-1: Ball
1-1: Ball
2-1: Foul Ball, location: 2F
2-2: Strikes out swinging
Batting: LHB Javier Rubio 0-0: Called Strike
Ike Trout steals 2nd base
0-1: Foul Ball, location: 2F
0-2: Ground out 4-3 (Groundball, 4M, EV 97.5 MPH)
Ike Trout to third
Batting: RHB Alex Velasquez 0-0: Foul Ball, location: 2F
0-1: Foul Ball, location: 2F
0-2: Foul Ball, location: 2F
0-2: SINGLE (Groundball, 25, EV 66.2 MPH) (infield hit)
Ike Trout scores
Batting: LHB Joe Phillips 0-0: Ball
Alex Velasquez steals 2nd base (no throw)
1-0: Called Strike
1-1: Fly out, F8 (Flyball, 8RM, EV 83.1 MPH)
Top of the 5th over - 1 run, 2 hits, 0 errors, 1 left on base; Rome 6 - Williamsport 1
BOTTOM OF THE 5TH
Williamsport Crosscutters batting - Pitching for Rome Braves : RHP Brendan Graham
Batting: RHB Allen Gravel 0-0: Called Strike
0-1: Ground out 4-3 (Groundball, 4M, EV 98.8 MPH)
Batting: RHB Ken Gadberry 0-0: Called Strike
0-1: Swinging Strike
0-2: Strikes out looking
Batting: SHB Jeff Echt 0-0: Called Strike
0-1: Ball
1-1: Called Strike
1-2: Ball
2-2: Ball
3-2: SINGLE (Line Drive, 6MD, EV 98.8 MPH)
Batting: RHB Jimmy Misener 0-0: Ball
1-0: Swinging Strike
1-1: Foul Ball, location: 2F
1-2: Foul Ball, location: 2F
1-2: Ball
2-2: Strikes out swinging
Bottom of the 5th over - 0 runs, 1 hit, 0 errors, 1 left on base; Rome 6 - Williamsport 1
TOP OF THE 6TH
Rome Braves batting - Pitching for Williamsport Crosscutters : RHP Ricardo Dominguez
Batting: RHB Peter Wheeler 0-0: Ground out 6-3 (Groundball, 6MD, EV 87.5 MPH)
Batting: SHB Tim Rodgers 0-0: Called Strike
0-1: Ball
1-1: Fly out, F6 (Line Drive, 6, EV 67.5 MPH)
Batting: LHB J.P. Olson 0-0: Ball
1-0: Ball
2-0: Ball
3-0: Base on Balls
Batting: RHB Brandon Burrell 0-0: Called Strike
0-1: Called Strike
J.P. Olson steals 2nd base
0-2: Ground out 5-3 (Groundball, 56S, EV 85.0 MPH)
Top of the 6th over - 0 runs, 0 hits, 0 errors, 1 left on base; Rome 6 - Williamsport 1
BOTTOM OF THE 6TH
Williamsport Crosscutters batting - Pitching for Rome Braves : RHP Brendan Graham
Batting: RHB Prabhukumar Santhanakrishnan 0-0: Ball
1-0: Swinging Strike
1-1: Foul Ball, location: 2F
1-2: Fly out, F9 (Line Drive, 9, EV 85.0 MPH)
Batting: RHB Alan Weller 0-0: Ball
1-0: Called Strike
1-1: Ball
2-1: Ball
3-1: Base on Balls
Batting: LHB Tsuneharu Nishimura 0-0: Fielders Choice at 2nd, 4-6 (Groundball, 4, EV 107.5 MPH)
Batting: RHB Matt McDevitt 0-0: Called Strike
0-1: Fly out, F3 (Popup, 3F, EV 74.4 MPH)
Bottom of the 6th over - 0 runs, 0 hits, 0 errors, 1 left on base; Rome 6 - Williamsport 1
TOP OF THE 7TH
Rome Braves batting - Pitching for Williamsport Crosscutters : RHP Ricardo Dominguez
Batting: RHB Ike Trout 0-0: Ball
1-0: Called Strike
1-1: Ground out 6-3 (Groundball, 6, EV 88.1 MPH)
Batting: LHB Mike Tenorio 0-0: Called Strike
0-1: Ball
1-1: Called Strike
1-2: Strikes out looking
Batting: LHB Javier Rubio 0-0: Foul Ball, location: 2F
0-1: Foul Ball, location: 2F
0-2: Ball
1-2: Strikes out looking
Top of the 7th over - 0 runs, 0 hits, 0 errors, 0 left on base; Rome 6 - Williamsport 1
BOTTOM OF THE 7TH
Williamsport Crosscutters batting - Pitching for Rome Braves : RHP Brendan Graham
Batting: RHB Moritake Fukumoto 0-0: Ball
1-0: Called Strike
1-1: Ball
2-1: Foul Ball, location: 2F
2-2: Foul Ball, location: 2F
2-2: Foul Ball, location: 2F
2-2: Ball
3-2: Strikes out swinging
Pitching: LHP Joey Dover
Batting: RHB Allen Gravel 0-0: Ball
1-0: Ball
2-0: Called Strike
2-1: Foul Ball, location: 2F
2-2: Ball
3-2: Foul Ball, location: 2F
3-2: Strikes out swinging
Batting: RHB Ken Gadberry 0-0: Ball
1-0: Ball
2-0: Ball
3-0: Base on Balls
Batting: SHB Jeff Echt 0-0: Ball
1-0: Called Strike
1-1: Swinging Strike
1-2: Ball
2-2: Strikes out swinging
Bottom of the 7th over - 0 runs, 0 hits, 0 errors, 1 left on base; Rome 6 - Williamsport 1
TOP OF THE 8TH
Rome Braves batting - Pitching for Williamsport Crosscutters : RHP Ricardo Dominguez
Batting: RHB Alex Velasquez 0-0: Ball
1-0: Foul Ball, location: 2F
1-1: Ball
2-1: Ball
3-1: Fly out, F8 (Flyball, 8RD, EV 78.8 MPH)
Batting: LHB Joe Phillips 0-0: SINGLE (Line Drive, 4MD, EV 93.8 MPH)
Pitching: LHP Wil Diaz
Batting: RHB Peter Wheeler 0-0: Ball
1-0: Foul Ball, location: 2F
1-1: SINGLE (Groundball, 56D, EV 111.2 MPH)
Joe Phillips to second
Batting: SHB Tim Rodgers 0-0: Ball
1-0: Ball
2-0: Ball
3-0: Called Strike
3-1: Fly out, F7 (Flyball, 78XD, EV 101.2 MPH)
Runner from 2nd tags up, SAFE at 3rd, no throw by LF
Batting: LHB J.P. Olson 0-0: Ball
1-0: Ball
2-0: Ball
3-0: Called Strike
3-1: Swinging Strike
3-2: Base on Balls
Peter Wheeler to second
Batting: RHB Brandon Burrell 0-0: Ball
1-0: Ball
2-0: Ball
3-0: Called Strike
3-1: Base on Balls
Joe Phillips scores
Peter Wheeler to third
J.P. Olson to second
Batting: RHB Ike Trout 0-0: SINGLE (Flyball, 56D, EV 86.2 MPH)
Peter Wheeler scores
J.P. Olson to third
Brandon Burrell to second
Runner from 3rd tries for Home, SAFE, throw by LF to home
Batting: LHB Mike Tenorio 0-0: Ball
1-0: Fly out, F7 (Flyball, 7D, EV 101.9 MPH)
Top of the 8th over - 3 runs, 3 hits, 0 errors, 2 left on base; Rome 9 - Williamsport 1
BOTTOM OF THE 8TH
Williamsport Crosscutters batting - Pitching for Rome Braves : LHP Joey Dover
Batting: RHB Jimmy Misener 0-0: Ball
1-0: Called Strike
1-1: SINGLE (Groundball, 56D, EV 107.5 MPH)
Batting: RHB Prabhukumar Santhanakrishnan 0-0: Called Strike
0-1: Swinging Strike
0-2: Ball
1-2: Ball
2-2: Strikes out looking
Batting: RHB Alan Weller 0-0: Ball
1-0: Called Strike
1-1: Fly out, F2 (Popup, 3SF, EV 71.2 MPH)
Batting: LHB Tsuneharu Nishimura 0-0: Called Strike
0-1: Ball
1-1: Ball
2-1: Called Strike
2-2: Strikes out swinging
Bottom of the 8th over - 0 runs, 1 hit, 0 errors, 1 left on base; Rome 9 - Williamsport 1
TOP OF THE 9TH
Rome Braves batting - Pitching for Williamsport Crosscutters : LHP Wil Diaz
Pitching: RHP Lucas McPhillie
Batting: LHB Javier Rubio 0-0: Ground out 6-3 (Groundball, 6, EV 98.1 MPH)
Pinch Hitting: RHB Ryan Allison 0-0: Foul Ball, location: 2F
0-1: Ball
1-1: Fly out, F8 (Flyball, 8RD, EV 87.5 MPH)
Batting: LHB Joe Phillips 0-0: Ball
1-0: Ball
2-0: Foul Ball, location: 2F
2-1: Foul Ball, location: 2F
2-2: Foul Ball, location: 2F
2-2: Ball
3-2: Foul Ball, location: 2F
3-2: Fly out, F8 (Flyball, 8LM, EV 86.2 MPH)
Top of the 9th over - 0 runs, 0 hits, 0 errors, 0 left on base; Rome 9 - Williamsport 1
BOTTOM OF THE 9TH
Williamsport Crosscutters batting - Pitching for Rome Braves : LHP Joey Dover
Now at SS: Ryan Allison
Batting: RHB Matt McDevitt 0-0: Ball
1-0: Called Strike
1-1: Ball
2-1: Foul Ball, location: 2F
2-2: SINGLE (Line Drive, 7S, EV 95.0 MPH)
Batting: RHB Moritake Fukumoto 0-0: Ball
Passed Ball!
Matt McDevitt to second
1-0: Foul Ball, location: 2F
1-1: Foul Ball, location: 2F
1-2: Ball
2-2: Foul Ball, location: 2F
2-2: Ball
3-2: SINGLE (Groundball, 56, EV 107.5 MPH)
Matt McDevitt to third
Pitching: RHP Orlando Velazquez
Pinch Hitting: SHB Benjamin Brown 0-0: Ball
1-0: Called Strike
1-1: Ball
2-1: Hit by Pitch
Moritake Fukumoto to second
Batting: RHB Ken Gadberry 0-0: Called Strike
0-1: Ball
1-1: Fly out, F4 (Flyball, 34D, EV 86.9 MPH)
Pinch Hitting: RHB Frank Shelton 0-0: Ball
1-0: Called Strike
1-1: Ball
Passed Ball!
Matt McDevitt scores
Moritake Fukumoto to third
Benjamin Brown to second
2-1: Fly out, F8 (Line Drive, 8LM, EV 97.5 MPH)
Batting: RHB Jimmy Misener 0-0: Swinging Strike
0-1: Ball
1-1: Foul Ball, location: 2F
1-2: Ball
2-2: Ground out 6-3 (Groundball, 6, EV 88.8 MPH)
Bottom of the 9th over - 1 run, 2 hits, 0 errors, 2 left on base; Rome 9 - Williamsport 2
Thursday, March 31st , 2022 - OOTP Baseball 22.12 Build 89